Map: Lightshade LE

Players

Vanya - Winner!

  • Race: Zerg Zerg
  • League: Grandmaster
  • Spawn Location: 11:00

ShoWTimE

  • Race: Protoss Protoss
  • League: Master
  • Spawn Location: 5:00

Event: DreamHack SC2 Masters 2020 Winter

VOD

Have the link to the VOD?

Description

Time

  • Played on: Oct. 30, 2020, 2:20 p.m.
  • Length: 7:34

All games in this series

Show
View Real Time Build Order
Export as new Build Order

Vanya Zerg - Winner!

Build Orders: Hatch First 

Get SALT Encoding   

  12  0:00  Drone  
  13  0:14  Overlord  
  13  0:17  Drone  
  14  0:32  Drone x2  
  16  0:49  Hatchery  
  15  0:52  Drone  
  15  0:56  Drone  
  17  0:59  Drone  
  18  1:10  Extractor  
  17  1:15  Spawning Pool  
  17  1:18  Drone  
  17  1:21  Drone  
  18  1:30  Drone  
  19  1:41  Drone  
  20  1:52  Overlord  
  20  2:01  Queen  
  20  2:02  Queen  
  20  2:03  Zergling x4  
  26  2:12  Drone  
  26  2:13  Drone, Metabolic Boost  
  28  2:23  Drone x2  
  30  2:36  Hatchery  
  29  2:38  Drone  
  30  2:46  Queen  
  32  2:53  Overlord  
  32  2:55  Zergling x2  
  33  2:58  Zergling x2  
  33  3:00  Drone  
  33  3:01  Drone  
  36  3:15  Drone x2  
  36  3:17  Drone x2  
  36  3:18  Overlord  
  40  3:22  Drone x2  
  42  3:27  Drone x2  
  42  3:31  Spore Crawler  
  43  3:35  Overlord  
  43  3:37  Drone  
  43  3:40  Drone  
  45  3:44  Queen  
  47  3:50  Drone x2  
  47  3:51  Spore Crawler  
  47  3:52  Drone x3  
  47  3:54  Drone  
  51  4:00  Drone x3  
  54  4:03  Drone x2  
  54  4:09  Spore Crawler  
  55  4:12  Drone x2  
  55  4:16  Queen  
  59  4:18  Overlord  
  59  4:19  Drone  
  60  4:27  Drone  
  60  4:29  Spore Crawler  
  60  4:32  Lair  
  60  4:35  Drone x6  
  64  4:40  Drone x3  
  64  4:44  Roach Warren  
  64  4:45  Extractor  
  65  4:46  Extractor  
  65  4:47  Drone x2  
  65  4:49  Drone x2  
  68  4:56  Drone x2  
  68  4:59  Overlord  
  70  5:01  Overlord  
  70  5:02  Extractor  
  70  5:05  Overlord  
  68  5:11  Overlord  
  66  5:26  Roach  
  66  5:27  Roach x12  
  92  5:31  Overlord  
  92  5:35  Glial Reconstitution  
  92  5:46  Roach x4  
  92  5:49  Overlord  
  100  5:53  Hatchery  
  100  5:54  Extractor  
  98  5:57  Roach x4  
  98  6:01  Extractor  
  105  6:08  Drone x3  
  105  6:09  Drone, Roach  
  105  6:10  Roach x2  
  110  6:17  Overlord  
  112  6:21  Zergling x6  
  112  6:23  Overlord  
  115  6:30  Zergling x14  
  122  6:33  Overlord  
  122  6:38  Overlord  
  122  6:42  Zergling x8  
  122  6:43  Ravager x4  
  130  6:48  Ravager x2  
  130  6:49  Zergling x2  
  130  6:50  Ravager  
  130  6:52  Queen  
  136  6:55  Zergling x8  
  136  7:00  Zergling x2  
  136  7:01  Zergling x8  
  144  7:06  Zergling x2  
  144  7:07  Zergling x6  
  143  7:11  Zergling x4  
  136  7:15  Zergling x2  
  136  7:16  Zergling x4  
Show
View Real Time Build Order
Export as new Build Order

ShoWTimE Protoss 

Build Orders: 1 Gate Expand, Oracle Opening, Zealot Archon 

Get SALT Encoding   

  12  0:00  Probe  
  13  0:12  Probe  
  14  0:18  Pylon  
  14  0:24  Probe  
  15  0:36  Probe (Chrono Boost)  
  15  0:39  Gateway  
  16  0:46  Probe (Chrono Boost)  
  16  0:49  Assimilator  
  17  0:51  Probe (Chrono Boost)  
  18  1:03  Probe  
  19  1:15  Probe  
  20  1:27  Nexus  
  20  1:38  Cybernetics Core  
  20  1:41  Probe  
  20  1:46  Assimilator  
  21  1:53  Probe  
  22  1:55  Pylon  
  22  2:05  Probe (Chrono Boost)  
  23  2:11  Adept (Chrono Boost)  
  23  2:14  Warp Gate  
  25  2:17  Probe (Chrono Boost)  
  26  2:23  Probe (Chrono Boost)  
  26  2:26  Stargate  
  27  2:31  Probe  
  27  2:33  Adept (Chrono Boost)  
  30  2:39  Probe  
  30  2:43  Probe  
  32  2:51  Probe  
  32  2:54  Stalker (Chrono Boost)  
  32  2:55  Probe  
  36  3:04  Probe  
  37  3:08  Probe  
  37  3:09  Gateway  
  37  3:12  Oracle (Chrono Boost)  
  38  3:16  Probe  
  42  3:20  Probe  
  42  3:23  Pylon  
  43  3:28  Probe  
  43  3:32  Probe  
  45  3:40  Probe  
  45  3:41  Pylon, Oracle (Chrono Boost)  
  46  3:44  Probe  
  50  3:52  Probe  
  51  3:56  Probe  
  52  4:04  Probe  
  52  4:05  Pylon  
  52  4:07  Nexus  
  52  4:08  Probe, Oracle (Chrono Boost)  
  54  4:16  Probe  
  58  4:19  Assimilator  
  58  4:20  Probe  
  58  4:22  Assimilator  
  59  4:25  Shield Battery  
  59  4:28  Probe  
  59  4:31  Robotics Facility  
  60  4:32  Probe  
  61  4:40  Probe  
  61  4:44  Probe  
  61  4:45  Pylon  
  63  4:49  Forge  
  63  4:53  Probe (Chrono Boost)  
  63  4:54  Gateway  
  63  4:55  Sentry x2  
  63  4:58  Probe (Chrono Boost)  
  69  5:00  Gateway  
  69  5:05  Probe (Chrono Boost)  
  70  5:14  Probe x2 (Chrono Boost)  
  71  5:18  Twilight Council, Observer (Chrono Boost)  
  71  5:20  Protoss Ground Weapons Level 1 (Chrono Boost)  
  71  5:21  Probe (Chrono Boost)  
  75  5:23  Probe (Chrono Boost)  
  75  5:26  Probe (Chrono Boost)  
  75  5:30  Probe (Chrono Boost)  
  75  5:32  Assimilator  
  75  5:33  Probe (Chrono Boost)  
  75  5:34  Probe (Chrono Boost)  
  78  5:35  Probe (Chrono Boost)  
  78  5:36  Assimilator  
  78  5:39  Warp Prism (Chrono Boost)  
  81  5:43  Probe  
  81  5:45  Gateway, Probe  
  81  5:47  Gateway, Probe  
  84  5:55  Probe  
  85  5:57  Probe  
  85  5:58  Templar Archives  
  85  5:59  Probe  
  85  6:04  Pylon  
  87  6:07  Probe  
  87  6:09  Probe  
  89  6:11  Probe  
  89  6:12  Gateway  
  90  6:19  Gateway, Probe  
  90  6:22  Immortal (Chrono Boost)  
  90  6:24  Pylon  
  95  6:33  Shield Battery  
  95  6:34  Shield Battery  
  95  6:37  High Templar x3  
  101  6:41  Shield Battery  
  101  6:42  Archon  
  101  6:43  High Templar, Pylon  
  101  6:45  Pylon  
  100  6:48  Archon, Zealot x2  
  100  6:53  Pylon  
  100  6:54  Immortal (Chrono Boost)  
  104  6:55  Shield Battery  
  104  6:58  Pylon  
  106  7:07  Zealot  
  104  7:10  Zealot x2  
  96  7:17  Zealot x5  
Tags
 
Add a new tag
Caveats
  • Supply blocks, unpowered buildings, or Contaminate may cause inaccurate times.
  • Supply counts are checked every 10 seconds.